 Dungeon Crawl Stone Soup version 0.31-a0-986-g5e6e4ef867 (webtiles) character file.

Game seed: 9332902787673273162

1450 wildpjah the Geomancer (level 8, -3/48 HPs)
             Began as a Gargoyle Earth Elementalist on Nov 14, 2023.
             Was a Priest of Qazlal.
             Slain by a two-headed ogre
             ... wielding a +0 giant club
              (6 damage)
             ... on level 8 of the Dungeon.
             The game lasted 00:18:16 (5046 turns).

wildpjah the Geomancer (GrEE)                       Turns: 5046, Time: 00:18:17

Health: -3/48      AC: 13    Str: 11    XL:     8   Next: 75%
Magic:  5/17       EV: 12    Int: 19    God:    Qazlal [***...]
Gold:   248        SH:  3    Dex: 16    Spells: 14/19 levels left

rFire   x . .        x - +0 great sword
rCold   . . .        (shield currently unavailable)
rNeg    + + .        B - +0 leather armour of Going Fast {Fly rElec rF- Dex+6}
rPois   ∞            j - +0 helmet
rElec   +            (no cloak)
rCorr   .            (no gloves)
SInv    .            A - +2 pair of boots
Will    .....        (no amulet)
Stlth   ++           k - ring of positive energy
HPRegen 0.28/turn    (no ring)
MPRegen 0.15/turn

%: no passive effects
@: flying
A: sickness immunity, AC +5, negative energy resistance 1, electricity
resistance, torment resistance 1, petrification resistance
a: Renounce Religion, Upheaval, Elemental Force


You were on level 8 of the Dungeon.
You worshipped Qazlal.
Qazlal was most pleased with you.
You visited 2 branches of the dungeon, and saw 8 of its levels.
You also visited: Sewer.

You collected 248 gold pieces.

Inventory:

Hand Weapons
 l - a +0 club
 t - a +1 dagger of protection
 x - a +0 great sword (weapon)
Missiles
 d - 83 stones
Armour
 a - a +0 robe
 e - a +0 pair of boots
 g - a +0 troll leather armour {Pargi}
 j - a +0 helmet (worn)
 A - a +2 pair of boots (worn)
 B - the +0 leather armour of Going Fast (worn) {Fly rElec rF- Dex+6}
   (You found it on level 4 of the Dungeon)

   Dex+6:     It affects your dexterity (+6).
   rF-:       It makes you vulnerable to fire.
   rElec:     It insulates you from electricity.
   Fly:       It grants you flight.
Jewellery
 k - a ring of positive energy (left hand)
 o - a ring of positive energy
Scrolls
 c - 5 scrolls of teleportation
 f - a scroll of poison {unknown}
 i - 3 scrolls of fear {unknown}
 m - 3 scrolls of enchant weapon {unknown}
 n - 2 scrolls of enchant armour {unknown}
 r - 4 scrolls of identify {unknown}
 y - 3 scrolls of vulnerability {unknown}
 C - a scroll of summoning {unknown}
Potions
 b - 2 potions of magic
 h - a potion of enlightenment {unknown}
 p - a potion of berserk rage {unknown}
 q - 5 potions of curing {unknown}
 s - 2 potions of attraction {unknown}
 u - 2 potions of heal wounds {unknown}
 v - a potion of might {unknown}
 w - a potion of haste {unknown}
 z - a potion of invisibility {unknown}


   Skills:
 * Level 4.3 Fighting
 + Level 0.5 Long Blades
 * Level 3.1 Armour
 + Level 2.3 Dodging
 - Level 2.4 Stealth
 + Level 0.3 Shields
 + Level 6.1 Spellcasting
 + Level 0.2 Conjurations
 + Level 0.7 Transmutations
 + Level 8.0 Earth Magic
 + Level 0.1 Invocations


You had 14 spell levels left.
You knew the following spells:

 Your Spells              Type           Power      Damage    Failure   Level
a - Sandblast             Erth           72%        2d16      1%          1
b - Stone Arrow           Conj/Erth      42%        3d9       8%          3
c - Slow                  Hex            20%        N/A       14%         1

Your spell library contained the following spells:

 Spells                   Type           Power      Damage    Failure   Level
 Passwall                 Tmut/Erth      18%        N/A       3%          2
 Ensorcelled Hibernation  Hex/Ice        10%        N/A       22%         2
 Petrify                  Tmut/Erth      22%        N/A       24%         4
 Brom's Barrelling Bould  Conj/Erth      21%        2d4       26%         4
 Confusing Touch          Hex            5%         N/A       38%         3
 Ozocubu's Armour         Ice            5%         N/A       38%         3
 Sigil of Binding         Hex            5%         N/A       38%         3
 Swiftness                Air            5%         N/A       38%         3
 Vampiric Draining        Necr           5%         2d6       38%         3
 Metabolic Englaciation   Hex/Ice        2%         N/A       98%         5
 Simulacrum               Ice/Necr       2%         N/A       100%        6


Dungeon Overview and Level Annotations

Branches:
Dungeon (6/15)             Temple (1/1) D:4           Sewer (visited)

Altars:
Ashenzari
Cheibriados
Dithmenos
Elyvilon
Hepliaklqana
Kikubaaqudgha
Makhleb
Nemelex Xobeh
Okawaru
Qazlal
Sif Muna
Trog
Uskayaw
Vehumet
Xom
Yredelemnul
Zin

Shops:
D:1 =   D:2 =   D:4 :


Innate Abilities, Weirdness & Mutations

You are immune to sickness and miasma.
Your stone body is resilient. (AC +5)
You are immune to poison.
You resist negative energy. (rN+)
You are resistant to electric shocks. (rElec)
You are resistant to unholy torment.
You are immune to petrification.


Message History

Aim: a two-headed ogre, wielding two +0 giant clubs (92% to hit)
The blast of sand hits the two-headed ogre!
The two-headed ogre is moderately wounded.
The wight hits you but does no damage. The wight barely misses you.
The wight hits your earth elemental with a +4 war axe!
The orc priest hits you with a +0 short sword.
The two-headed ogre barely misses you.
The two-headed ogre hits you with a +0 giant club!
The wight hits your earth elemental with a +0 hand axe!
The wight hits you but does no damage.
Your earth elemental hits the wight.
The wight closely misses you.
Activating: Elemental Force (65% risk of failure)
Press: ? - help, Dir - look around, f - activate Look: a two-headed ogre, wielding two +0 giant clubs (moderately wounded)
You fail to use your ability.
The wight hits you but does no damage.
The wight barely misses your earth elemental.
The orc priest hits you but does no damage.
The wight hits your earth elemental with a +0 hand axe.
The wight closely misses you.
The wight hits you with a +5 war axe of freezing.
* * * LOW HITPOINT WARNING * * *
The wight freezes you.
* * * LOW HITPOINT WARNING * * *
The two-headed ogre misses you.
The two-headed ogre hits you with a +0 giant club.
* * * LOW HITPOINT WARNING * * *
Your earth elemental hits the wight!!
The wight is destroyed!
Qazlal accepts your kill.
Your Earth Magic skill increases to level 8!
You barely miss the two-headed ogre.
The two-headed ogre is moderately wounded.
You block the wight's attack.
The wight hits your earth elemental with a +4 war axe.
The orc priest completely misses you. The wight barely misses you.
The wight misses you. The wight hits you with a +4 war axe.
* * * LOW HITPOINT WARNING * * *
The wight hits your earth elemental with a +4 war axe.
The two-headed ogre hits you with a +0 giant club.
You die...

#.........
####..........
#.............
#............#
#............#
#......).....#
#....zzlo....#
#....zOoo...?#
#....°@z)....#
#....☼§E.....#
#............#
#............#
#............#
#............#
##############


You could see a two-headed ogre, a komodo dragon, an orc warrior, 4 wights, an
orc priest, an orc and a friendly earth elemental (summoned).

Vanquished Creatures
  A water moccasin (Sewer)
  Pargi (D:3)
  An ogre (D:4)
  The ghost of Vadun the Insei, an amateur DgSh (D:3)
  A phantom (D:5)
  A bullfrog (D:3)
  2 scorpions (D:4)
  3 wights (D:4)
  2 howler monkeys (D:4)
  An orc priest (D:8)
  A gnoll bouda (D:5)
  A jelly (D:6)
  2 sleepcaps (D:4)
  Jessica (D:3)
  2 iguanas (D:5)
  An orc wizard (D:4)
  8 adders
  8 gnolls
  3 shadow imps
  3 worms
  5 dart slugs
  15 orcs
  10 ball pythons
  9 endoplasms
  4 giant cockroaches
  7 goblins
  5 hobgoblins
  8 jackals
  5 quokkas
  7 bats
  5 frilled lizards
  8 kobolds
  3 rats
135 creatures vanquished.

Vanquished Creatures (collateral kills)
  A wight (D:8)
1 creature vanquished.

Grand Total: 136 creatures vanquished

Notes
Turn   | Place    | Note
-------+----------+-------------------------------------------
     0 | D:1      | wildpjah the Gargoyle Earth Elementalist began the quest
                  | for the Orb.
     0 | D:1      | Reached XP level 1. HP: 10/10 MP: 3/3
   436 | D:1      | Reached XP level 2. HP: 15/15 MP: 3/5
   480 | D:1      | Reached skill level 4 in Earth Magic
   805 | D:1      | Found Goimaeru's Jewellery Emporium.
   917 | D:2      | Reached XP level 3. HP: 19/19 MP: 4/6
  1553 | D:2      | Found Panyleblei's Jewellery Shop.
  1765 | D:3      | Found a white marble altar of Elyvilon.
  1765 | D:3      | Found a faded altar of an unknown god.
  1784 | D:3      | Reached XP level 4. HP: 24/24 MP: 6/8
  1787 | D:3      | Prayed at the altar of an unknown god.
  1787 | D:3      | Became a worshipper of Qazlal Stormbringer
  1787 | D:3      | Reached * piety under Qazlal
  1891 | D:3      | Found a runed translucent door.
  1892 | D:3      | Noticed a bullfrog
  1896 | D:3      | Noticed Vadun's ghost (amateur DgSh)
  1900 | D:3      | Killed a bullfrog
  1901 | D:3      | Reached skill level 1 in Fighting
  1901 | D:3      | Reached skill level 5 in Earth Magic
  1901 | D:3      | Reached XP level 5. HP: 23/29 MP: 6/9
  1912 | D:3      | Killed Vadun's ghost
  1913 | D:3      | Reached XP level 6. HP: 23/35 MP: 0/11
  2088 | D:3      | Noticed Pargi
  2098 | D:3      | Killed Pargi
  2099 | D:3      | Reached skill level 6 in Earth Magic
  2163 | D:3      | Found a glowing drain.
  2167 | Sewer    | Entered a sewer
  2380 | Sewer    | Noticed a water moccasin
  2389 | Sewer    | Killed a water moccasin
  2389 | Sewer    | Reached ** piety under Qazlal
  2390 | Sewer    | Reached XP level 7. HP: 25/41 MP: 4/13
  2394 | Sewer    | Learned a level 3 spell: Stone Arrow
  2682 | D:3      | Found an iron altar of Okawaru.
  2685 | D:3      | Found a snail-covered altar of Cheibriados.
  2687 | D:3      | Found a hide-covered altar of Uskayaw.
  2839 | D:3      | Noticed Jessica
  2843 | D:3      | Killed Jessica
  2860 | D:3      | Found a shimmering blue altar of Sif Muna.
  3239 | D:4      | Reached skill level 5 in Spellcasting
  3455 | D:4      | Reached skill level 1 in Armour
  3460 | D:4      | Reached skill level 7 in Earth Magic
  3463 | D:4      | Reached XP level 8. HP: 47/47 MP: 1/15
  3662 | D:4      | Found Ycil's Book Emporium.
  3683 | D:4      | Found a staircase to the Ecumenical Temple.
  3861 | D:4      | Identified the +0 leather armour of Going Fast {Fly rElec
                  | rF- Dex+6}
  4171 | D:5      | Entered Level 5 of the Dungeon
  4261 | D:5      | Reached *** piety under Qazlal
  4438 | D:5      | Learned a level 1 spell: Slow
  4946 | Temple   | Entered the Ecumenical Temple
  5026 | D:6      | You are sucked into a shaft and drop 2 floors!
  5035 | D:8      | Noticed a two-headed ogre
  5039 | D:8      | Noticed a komodo dragon
  5046 | D:8      | Reached skill level 8 in Earth Magic
  5046 | D:8      | Slain by a two-headed ogre

Illustrated notes

Levels and vault maps discovered:
D:1:      dpeg_arrival_refuge, layout_loops_ring, serial_shops, shop,
          minmay_misc_feat_nine_boxes
D:2:      layout_basic, serial_shops, shop
D:3:      layout_loops_cross, tgw_sif, grunt_temple_overflow_open,
          general_overflow_altar, mainiacjoe_sewer_entry_somewhere_in_here_2,
          ebering_ghost_sewer_d, shapermc_ecumenical_altar_mp_urbaneastern,
          uniq_pargi
D:4:      cheibrodos_barr_body, layout_basic, temple_hall, serial_shops,
          nicolae_shop_pleasant_corner_grove, mrwooster_statue_mirror,
          nicolae_houndstooth_variations
D:5:      layout_cave_pools
D:6:      layout_cave_pools, grunt_gozag_breadcrumbs, uniq_maggie
D:8:      layout_basic, grunt_qazlal_clouds, kennysheep_mini,
          lemuel_round_altar, david_lair_shrubbed, enter_bailey_5,
          nicolae_straight_to_the_point, uniq_grum
Temple:   hellmonk_temple_of_storms

Skill      XL: |  1  2  3  4  5  6  7  8 |
---------------+-------------------------+-----
Earth Magic    | 4 5 6 7 8 |  8.0
Fighting       | 1 3 4 |  4.3
Spellcasting   | 3 4 5 6 |  6.1
Dodging        | 2 |  2.3
Armour         | 1 3 |  3.1
Long Blades    | |  0.5
Stealth        | |  2.4
Shields        | |  0.3
Conjurations   | |  0.2
Transmutations | |  0.7
Invocations    | |  0.1

Action                     |  1- 3 |  4- 6 |  7- 9 || total
---------------------------+-------+-------+-------++-------
  Melee: Dagger            |     9 |    36 |     4 ||    49
         Punch             |       |     1 |       ||     1
         Great sword       |       |       |    24 ||    24
   Cast: Sandblast         |    47 |    44 |   104 ||   195
         Stone Arrow       |       |       |     5 ||     5
 Invoke: Upheaval          |       |       |     2 ||     2
         Elemental Force   |       |       |     1 ||     1
    Use: Scroll            |     4 |       |       ||     4
 Armour: Robe              |     5 |    47 |    10 ||    62
         Leather armour    |       |       |    59 ||    59
         Troll leather arm |       |       |     9 ||     9
  Dodge: Dodged            |     4 |    50 |    59 ||   113
  Block: Other             |       |     2 |    19 ||    21

Table legend: (Time is in decaauts)
 A = Elapsed time spent in this place.
 B = Non-inter-level travel time spent in this place.
 C = Inter-level travel time spent in this place.
 D = Time resting spent in this place.
 E = Time spent auto-exploring this place.
 F = Levels seen in this place.
 G = Mean time per level.
                   A        B        C        D        E       F      G
               +--------+--------+--------+--------+--------+-----+--------+
         Total |   5175 |   5003 |    172 |      0 |   4097 |   9 |  575.0 |
       Dungeon |   4865 |   4693 |    172 |      0 |   3830 |   7 |  695.0 |
        Temple |      1 |      1 |      0 |      0 |      0 |   1 |    1.0 |
         Sewer |    308 |    308 |      0 |      0 |    267 |   1 |  308.0 |
               +--------+--------+--------+--------+--------+-----+--------+

Top non-repeatable levels by time:
     D:4: 1249 daAuts
     D:3: 1005 daAuts
     D:1: 900 daAuts
     D:2: 879 daAuts
     D:5: 763 daAuts
   Sewer: 308 daAuts
     D:6: 45 daAuts
     D:8: 21 daAuts
  Temple: 1 daAuts
